 Seeded DCSS version 0.24.0 (webtiles) character file.

Game seed: 12904354232074817611, levelgen mode: deterministic

168 Auros the Chiller (level 5, -3/35 HPs)
             Began as a Merfolk Ice Elementalist on Apr 5, 2020.
             Slain by an orc wizard
             ... wielding a +0 dagger
              (4 damage)
             ... on level 3 of the Dungeon.
             The game lasted 00:09:01 (3227 turns).

Auros the Chiller (Merfolk Ice Elementalist)        Turns: 3227, Time: 00:09:02

Health: -3/35      AC:  5    Str:  9    XL:     5   Next: 49%
Magic:  1/8        EV: 13    Int: 15    God:
Gold:   59         SH:  0    Dex: 14    Spells: 5/8 levels left

rFire    . . .     SeeInvis .   j - +1 mace (crush)
rCold    . . .     Gourm    .   (no shield)
rNeg     . . .     Faith    .   a - +0 robe
rPois    .         Spirit   .   (no helmet)
rElec    .         Reflect  .   q - +2 cloak
rCorr    .         Harm     .   (no gloves)
MR       .....                  (no boots)
Stlth    ++........             g - amulet of the acrobat
HPRegen  0.11/turn              (no ring)
MPRegen  0.11/turn              (no ring)

@: no status effects
A: change form in water, swift swim, stealthy swim
a: no special abilities


You were on level 3 of the Dungeon.
You were hungry.

You visited 1 branch of the dungeon, and saw 3 of its levels.

You collected 59 gold pieces.

Inventory:

Hand Weapons
 h - a +3 short sword
 j - a +1 mace of crushing (weapon)
Missiles
 n - 11 arrows
 p - 8 curare-tipped darts
 Z - 71 stones (quivered)
Armour
 a - a +0 robe (worn)
 q - a +2 cloak (worn)
Jewellery
 g - an amulet of the acrobat (around neck)
 r - an uncursed ring of magical power {unknown}
Scrolls
 c - 2 scrolls of enchant armour {unknown}
 d - a scroll of blinking {unknown}
 e - 3 scrolls of enchant weapon {unknown}
 i - a scroll of identify {unknown}
 k - a scroll of amnesia {unknown}
 l - 2 scrolls of random uselessness {unknown}
 m - a scroll of remove curse {unknown}
Potions
 b - a potion of cancellation {unknown}
 f - a potion of curing {unknown}
 o - a potion of heal wounds {unknown}
Comestibles
 s - 2 chunks of flesh
 z - 6 rations


   Skills:
 - Level 2.6 Dodging
 - Level 2.1 Stealth
 - Level 2.0 Spellcasting
 - Level 0.7 Conjurations
 + Level 6.6 Ice Magic


You had 5 spell levels left.
You knew the following spells:

 Your Spells              Type           Power        Failure   Level  Hunger
a - Freeze                Ice            ###.         1%          1    #......
b - Throw Frost           Conj/Ice       ##....       8%          2    ###....

Your spell library contained the following spells:

 Spells                   Type           Power        Failure   Level  Hunger
 Ozocubu's Armour         Chrm/Ice       ##......     17%         3    ###....
 Throw Icicle             Conj/Ice       ##......     43%         4    #####..
 Summon Ice Beast         Ice/Summ       ##......     50%         4    #####..


Dungeon Overview and Level Annotations

Branches:
Dungeon (3/15)

Altars:


Message History

The orc wizard hits you but does no damage.
You barely miss the orc wizard.
The orc wizard is severely wounded.
The orc wizard hits you but does no damage. x2
You hit the orc wizard.
The orc wizard is almost dead.
The orc wizard hits you with a +0 dagger.
* * * LOW HITPOINT WARNING * * *
The orc wizard hits you but does no damage.
You miss the orc wizard.
The orc wizard is almost dead.
The orc wizard mumbles some strange words.
The orc wizard flickers and vanishes!
Deactivating autopickup; reactivate with Ctrl-A.
Something hits you.
* * * LOW HITPOINT WARNING * * *
You hit something but do no damage. Something hits you.
* * * LOW HITPOINT WARNING * * *
Something hits you.
You die...

###.###
#.....###########
##...............#
............####.#
#..............#.#
#.#...#####.##.#.#
#.#.# #.#..#.#
#รท#.#
#.#....####.#
#.#.#
#.#....@{oo.#
#.#..
..#...#####.#
#<#.. ###...#
###... #...# ..#
#.... #####


You could see 2 orcs.

Vanquished Creatures
  An orc wizard (D:3)
  4 gnolls (D:2)
  4 adders
  2 worms (D:2)
  4 leopard geckos
  An orc (D:3)
  2 ball pythons
  3 giant cockroaches
  4 goblins
  9 hobgoblins
  3 jackals (D:2)
  8 bats
  3 frilled lizards (D:1)
  4 kobolds (D:1)
  10 rats
62 creatures vanquished.

Notes
Turn   | Place    | Note
-------+----------+-------------------------------------------
     0 | D:1      | Auros the Merfolk Ice Elementalist began the quest for the
                  | Orb.
     0 | D:1      | Reached XP level 1. HP: 13/13 MP: 3/3
   297 | D:1      | Reached XP level 2. HP: 18/19 MP: 1/5
   301 | D:1      | Learned a level 2 spell: Throw Frost
   345 | D:1      | Reached skill level 4 in Ice Magic
   959 | D:1      | Reached XP level 3. HP: 24/24 MP: 4/6
  1622 | D:2      | Reached skill level 5 in Ice Magic
  1811 | D:2      | Reached XP level 4. HP: 18/30 MP: 0/7
  2550 | D:2      | Reached skill level 6 in Ice Magic
  2567 | D:2      | Reached XP level 5. HP: 25/35 MP: 0/8
  3227 | D:3      | HP: 1/35 [something (4)]
  3227 | D:3      | Slain by an orc wizard

Levels and vault maps discovered:
D:1:      tarquinn_simple_flora_water_f, layout_basic
D:2:      layout_loops_corners
D:3:      layout_basic, gammafunk_ghost_necromancy, nrook_campfire,
          chequers_serial_rivers_large_a, patterned_corridor
